 Dungeon Crawl Stone Soup version 0.27-a0-767-g00efbec225 (webtiles) character file.

Game seed: 993922572812807498

70 Aggronaut the Insei (level 4, -2/35 HPs)
             Began as a Demonspawn Monk on Mar 25, 2021.
             Was a Believer of Dithmenos.
             Slain by a black bear (3 damage)
             ... on level 3 of the Dungeon.
             The game lasted 00:06:58 (3380 turns).

Aggronaut the Insei (Demonspawn Monk)               Turns: 3380, Time: 00:06:59

Health: -2/35      AC:  5    Str: 11    XL:     4   Next: 3%
Magic:  4/4        EV: 11    Int: 12    God:    Dithmenos [**....]
Gold:   42         SH:  4    Dex: 16    Spells: 3/3 levels left

rFire    . . .     SeeInvis .     - Unarmed
rCold    + . .     Faith    .   g - +0 buckler
rNeg     . . .     Spirit   .   b - +1 leather armour {rC+}
rPois    .         Reflect  .   (no helmet)
rElec    .         Harm     .   d - +0 cloak
rCorr    .         Rampage  .   (no gloves)
Will     .....                  (no boots)
Stlth    +++.......             (no amulet)
HPRegen  0.11/turn              (no ring)
MPRegen  0.18/turn              (no ring)

@: wreathed by umbra
A: spiny 1, magic regeneration
a: Renounce Religion, Shadow Step


You were on level 3 of the Dungeon.
You worshipped Dithmenos.
Dithmenos was pleased with you.
You visited 1 branch of the dungeon, and saw 3 of its levels.

You collected 42 gold pieces.

Inventory:

Armour
 b - a +1 leather armour of cold resistance (worn)
 d - a +0 cloak (worn)
 g - a +0 buckler (worn)
Scrolls
 a - a scroll of immolation {unknown}
 c - a scroll of identify {unknown}
 f - a scroll of magic mapping {unknown}
Potions
 e - a potion of attraction {unknown}
 h - a potion of ambrosia {unknown}


   Skills:
 - Level 3.0 Fighting
 - Level 2.6 Dodging
 + Level 2.7 Stealth
 + Level 0.5 Shields
 * Level 3.9 Unarmed Combat


You had 3 spell levels left.
You didn't know any spells.
Your spell library was empty.

Dungeon Overview and Level Annotations

Branches:
Dungeon (3/15)

Altars:
Dithmenos
Fedhas
Kikubaaqudgha
Trog

Annotations:
D:3 Sigmund


Innate Abilities, Weirdness & Mutations

You are partially covered in sharp spines.
You regenerate magic rapidly.


Message History

The black bear is lightly wounded.
The black bear closely misses you. x2; The black bear barely misses you.
You hit the black bear.
The black bear is moderately wounded.
The black bear is struck by your spines.
The black bear barely misses you. x2; The black bear claws you.
A ball python comes into view.
The ball python hisses angrily.
You hit the black bear.
The black bear is heavily wounded.
You hear a shout!
The black bear bites you. The black bear claws you.
The black bear claws you but does no damage.
You closely miss the black bear.
The black bear is heavily wounded.
The black bear bites you but does no damage.
The black bear claws you.
The black bear claws you but does no damage.
The black bear barely misses you. The black bear closely misses you.
You block the black bear's attack.
You hit the black bear.
The black bear is severely wounded.
A hobgoblin comes into view.
The black bear is struck by your spines.
The black bear bites you. The black bear misses you.
The black bear barely misses you.
The black bear goes berserk!
The black bear rages.
The black bear is struck by your spines.
The black bear bites you! The black bear claws you.
* * * LOW HITPOINT WARNING * * *
The black bear claws you but does no damage.
You block the black bear's attack. The black bear claws you.
* * * LOW HITPOINT WARNING * * *
The black bear claws you.
* * * LOW HITPOINT WARNING * * *
You don't know any spells.
You don't have enough health at the moment.
You block the black bear's attack. The black bear claws you.
You die...

#. ##.....##.###.# ##.##
#..#.......#.#...## #..#
###..#.......#......#
#.#.
J........._..........#
#.##
.###..#.......#......#
#.## #..#.......#.#...##
#.##
#..##.....##.##.#######.#
#..####.####.#..........#
#..g...Sh@...#..#######.#
#.#.######......# #.##
#.#.# ##.....# #... #S#.#
#.....# #.## #.#.#
###...#######.# #.#.#
#........##.# #g#.#
#..#####.##.# #.#.# #>.#
#.##.# #.... ....# #.##.#


You could see a black bear (berserk), a hobgoblin and a ball python.

Vanquished Creatures
  An adder (D:3)
  2 ball pythons
  6 endoplasms
  7 goblins
  5 hobgoblins
  13 jackals
  4 quokkas
  5 bats
  3 frilled lizards (D:2)
  3 kobolds
  3 rats
52 creatures vanquished.

Notes
Turn   | Place    | Note
-------+----------+-------------------------------------------
     0 | D:1      | Aggronaut the Demonspawn Monk began the quest for the Orb.
     0 | D:1      | Reached XP level 1. HP: 18/18 MP: 1/1
   430 | D:1      | Gained mutation: You regenerate magic rapidly. [demonic
                  | ancestry]
   430 | D:1      | Reached XP level 2. HP: 8/24 MP: 2/2
  1478 | D:2      | Reached XP level 3. HP: 29/29 MP: 3/3
  1763 | D:2      | Found a shadowy altar of Dithmenos.
  1908 | D:2      | Became a worshipper of Dithmenos the Shadowed
  1908 | D:2      | Reached * piety under Dithmenos
  1908 | D:2      | Reached ** piety under Dithmenos
  2132 | D:2      | Found an ancient bone altar of Kikubaaqudgha.
  2465 | D:3      | Noticed Sigmund
  2593 | D:3      | Found a bloodstained altar of Trog.
  3320 | D:3      | Found a blossoming altar of Fedhas.
  3346 | D:3      | Gained mutation: You are partially covered in sharp spines.
                  | [demonic ancestry]
  3346 | D:3      | Reached XP level 4. HP: 35/35 MP: 4/4
  3364 | D:3      | Noticed a black bear
  3378 | D:3      | HP: 1/35 [black bear (3)]
  3380 | D:3      | Slain by a black bear

Illustrated notes

Levels and vault maps discovered:
D:1:      nicolae_arrival_memento_mori, layout_rooms, minmay_tromino_v2
D:2:      layout_loops_ring, nicolae_dithmenos_shadow_blocks,
          general_overflow_altar, serial_park_tiny_1
D:3:      layout_loops_ring, lemuel_doored_altar, old_standard_altar,
          lemuel_round_altar, uniq_sigmund

Skill      XL: |  1 |
---------------+----+-----
Stealth        | 2 |  2.7
Unarmed Combat | 3 |  3.9
Fighting       | |  3.0
Dodging        | |  2.6
Shields        | |  0.5

Action                   |  1- 3 |  4- 6 || total
-------------------------+-------+-------++-------
Melee: Unarmed           |   216 |     6 ||   222
       Punch             |     2 |       ||     2
 Stab: Sleeping          |     4 |       ||     4
       Distracted        |     1 |       ||     1
Armor: Robe              |    18 |       ||    18
       Leather armour    |    33 |     5 ||    38
Dodge: Dodged            |   130 |     9 ||   139
Block: Buckler           |    12 |     3 ||    15

Table legend: (Time is in decaauts)
 A = Elapsed time spent in this place.
 B = Non-inter-level travel time spent in this place.
 C = Inter-level travel time spent in this place.
 D = Time resting spent in this place.
 E = Time spent auto-exploring this place.
 F = Levels seen in this place.
 G = Mean time per level.
                   A        B        C        D        E       F      G
               +--------+--------+--------+--------+--------+-----+--------+
         Total |   3370 |   3249 |    121 |   1313 |   1170 |   3 | 1123.3 |
       Dungeon |   3370 |   3249 |    121 |   1313 |   1170 |   3 | 1123.3 |
               +--------+--------+--------+--------+--------+-----+--------+

Top non-repeatable levels by time:
     D:1: 1400 daAuts
     D:2: 1225 daAuts
     D:3: 744 daAuts
